 Dungeon Crawl Stone Soup version 0.29.1 (webtiles) character file.

Game seed: 15453111123449229433

138 mtoz the Shield-Bearer (level 5, -1/47 HPs)
             Began as a Minotaur Fighter on Sept 13, 2022.
             Slain by an adder (2 damage)
             ... on level 5 of the Dungeon.
             The game lasted 00:05:16 (2356 turns).

mtoz the Shield-Bearer (Minotaur Fighter)           Turns: 2356, Time: 00:05:16

Health: -1/47      AC:  8    Str: 22    XL:     5   Next: 1%
Magic:  4/4        EV:  9    Int:  5    God:
Gold:   127        SH:  4    Dex: 10    Spells: 4/4 levels left

rFire   . . .      SeeInvis .   a - +0 war axe
rCold   . . .      Faith    .   c - +0 buckler
rNeg    . . .      Spirit   .   b - +0 scale mail
rPois   .          Reflect  .   (helmet restricted)
rElec   .          Harm     .   (no cloak)
rCorr   .          Rampage  .   t - +0 pair of gloves
Will    .....                   (no boots)
Stlth   ..........              (no amulet)
HPRegen 0.15/turn               (no ring)
MPRegen 0.09/turn               (no ring)

@: no status effects
A: horns 2, retaliatory headbutt
a: no special abilities


You were on level 5 of the Dungeon.
You visited 1 branch of the dungeon, and saw 4 of its levels.

You collected 127 gold pieces.

Inventory:

Hand Weapons
 a - a +0 war axe (weapon)
 n - a +0 flail
Armour
 b - a +0 scale mail (worn)
 c - a +0 buckler (worn)
 t - a +0 pair of gloves (worn)
Scrolls
 e - a scroll of teleportation {unknown}
 f - a scroll of magic mapping {unknown}
 g - a scroll of brand weapon {unknown}
 j - a scroll of enchant armour {unknown}
 q - a scroll of poison {unknown}
 r - a scroll of acquirement {unknown}
Potions
 d - a potion of might
 h - 3 potions of curing
 i - a potion of ambrosia
 k - a potion of resistance
 l - a potion of heal wounds {unknown}
 m - a potion of cancellation {unknown}
 p - 2 potions of lignification {unknown}


   Skills:
 + Level 4.6 Fighting
 + Level 3.8 Axes
 + Level 4.6 Armour
 + Level 4.6 Shields


You had 4 spell levels left.
You didn't know any spells.
Your spell library contained the following spells:

 Spells                   Type           Power      Damage    Failure   Level
 Static Discharge         Conj/Air       0%         3-3/arc   95%         2
 Conjure Flame            Conj/Fire      0%         6-21      99%         3
 Ignite Poison            Fire/Tmut/Pois 0%         N/A       99%         3
 Sticky Flame             Conj/Fire      0%         2d3       100%        4
 Lightning Bolt           Conj/Air       0%         1d11      100%        5
 Maxwell's Capacitive Co  Air            0%         ∞         100%        8


Dungeon Overview and Level Annotations

Branches:
Dungeon (3/15)

Altars:


Innate Abilities, Weirdness & Mutations

You have a pair of horns on your head.
You reflexively headbutt those who attack you in melee.


Message History

The adder attacks as you move away! The adder bites you.
You are no longer corroded.
You feel sick.
Found a potion of curing.
You feel sick. The jelly attacks as you move away! The jelly barely misses you.
The adder attacks as you move away! The adder barely misses you.
You furiously retaliate!
You headbutt the adder.
You feel sick. The adder bites you but does no damage.
Found an escape hatch in the floor.
You feel sick.
You are no longer poisoned.
The adder attacks as you move away! The adder bites you.
* * * LOW HITPOINT WARNING * * *
You are poisoned.
The adder poisons you!
You feel sick.
You feel sick. The adder bites you.
* * * LOW HITPOINT WARNING * * *
The adder attacks as you move away! The adder bites you but does no damage.
You feel sick.
You feel sick.
You are no longer poisoned.
The adder attacks as you move away! The adder bites you but does no damage.
The adder bites you.
* * * LOW HITPOINT WARNING * * *
You see here a potion of curing.
Okay, then.
The adder attacks as you move away! The adder bites you.
* * * LOW HITPOINT WARNING * * *
Found a scroll labelled WELERGH DESIRO.
You block the adder's attack. The adder attacks as you move away!
The adder barely misses you. The adder attacks as you move away!
The adder barely misses you.
You see here a scroll labelled WELERGH DESIRO.
The adder attacks as you move away! You block the adder's attack.
The adder bites you but does no damage. The adder bites you but does no damage.
The adder attacks as you move away! The adder bites you but does no damage.
The adder attacks as you move away! You block the adder's attack.
The adder attacks as you move away! The adder bites you.
* * * LOW HITPOINT WARNING * * *
The adder bites you.
You die...

# #########.#
#.......#.###.#
#.O.......#
#.#.#.#### #####
#S#.#.########....
#@#O#.#...........
#.#J#........#....
#.#?#...!....#....
#.#.#........#....
#............#....
#...##.......#....
#.......#.##########
###.....#>#
#.......#


You could see an ogre and an adder.

Vanquished Creatures
  Natasha (twice) (D:2)
  An orc wizard (D:2)
  A gnoll (D:1)
  A dart slug (D:2)
  4 orcs
  2 endoplasms
  3 giant cockroaches
  6 hobgoblins
  4 jackals (D:1)
  4 quokkas
  4 ball pythons
  2 bats
  4 frilled lizards
  6 goblins
  3 kobolds
  2 rats
49 creatures vanquished.

Notes
Turn   | Place    | Note
-------+----------+-------------------------------------------
     0 | D:1      | mtoz the Minotaur Fighter began the quest for the Orb.
     0 | D:1      | Reached XP level 1. HP: 19/19 MP: 0/0
    94 | D:1      | Reached XP level 2. HP: 27/27 MP: 1/1
   619 | D:1      | Found a faded altar of an unknown god.
   919 | D:2      | Identified the +1 robe of the Five Things {rC+ Str+2}
  1096 | D:2      | Reached XP level 3. HP: 33/33 MP: 2/2
  1578 | D:2      | Noticed Natasha
  1588 | D:2      | Killed Natasha
  1589 | D:2      | Reached XP level 4. HP: 40/40 MP: 3/3
  1729 | D:2      | Noticed Natasha
  1738 | D:2      | Killed Natasha
  2201 | D:3      | Reached XP level 5. HP: 47/47 MP: 4/4
  2212 | D:3      | You fall into a shaft and drop 2 floors!
  2212 | D:5      | Entered Level 5 of the Dungeon
  2235 | D:5      | Noticed an ogre
  2345 | D:5      | HP: 1/47 [adder (2)]
  2356 | D:5      | HP: 1/47 [adder (2)]
  2356 | D:5      | Slain by an adder

Illustrated notes

Levels and vault maps discovered:
D:1:      dpeg_arrival_radiant, layout_basic,
          shapermc_ecumenical_altar_acropolis
D:2:      layout_basic, minivault_24, chequers_mini_garden, uniq_natasha
D:3:      layout_basic, portal_sewer_entry_a, nicolae_wormholes
D:5:      layout_basic, minmay_temple_entry_drinking_statues, uniq_pikel,
          uniq_duvessa, uniq_menkaure, uniq_prince_ribbit1, uniq_eustachio

Skill      XL: |  1  2 |
---------------+-------+-----
Shields        | 4 |  4.6
Fighting       | 4 |  4.6
Armour         | 4 |  4.6
Axes           | 3 |  3.8

Action                   |  1- 3 |  4- 6 || total
-------------------------+-------+-------++-------
Melee: War axe           |    55 |    31 ||    86
       Headbutt          |     5 |     1 ||     6
  Use: Scroll            |       |     3 ||     3
Armor: Scale mail        |    38 |    35 ||    73
Dodge: Dodged            |    24 |    26 ||    50
Block: Buckler           |    12 |    10 ||    22
